 Dungeon Crawl Stone Soup version 0.31-a0-590-g8a5a4361df (webtiles) character file.

Game seed: 2791827843444076489

18 Rohain the Slasher (level 2, 22/22 HPs)
             Began as a Demonspawn Gladiator on Aug 19, 2023.
             Got out of the dungeon alive.
             The game lasted 00:00:33 (184 turns).

Rohain the Slasher (Demonspawn Gladiator)            Turns: 184, Time: 00:00:34

Health: 22/22      AC:  4    Str: 14    XL:     2   Next: 48%
Magic:  2/2        EV: 12    Int:  9    God:
Gold:   10         SH:  0    Dex: 14    Spells: 1/1 levels left

rFire   . . .        a - +0 long sword
rCold   . . .        (no shield)
rNeg    . . .        b - +0 leather armour
rPois   .            c - +0 helmet
rElec   .            (no cloak)
rCorr   .            (no gloves)
SInv    .            (no boots)
Will    .....        (no amulet)
Stlth   +            (no ring)
HPRegen 0.23/turn    (no ring)
MPRegen 0.08/turn

%: no passive effects
@: no status effects
A: demonic magic 1
a: no special abilities


You escaped.
You visited 1 branch of the dungeon, and saw 1 of its levels.

You collected 10 gold pieces.

Inventory:

Hand Weapons
 a - a +0 long sword (weapon)
Missiles
 d - 3 throwing nets (quivered)
 e - a javelin
Armour
 b - a +0 leather armour (worn)
 c - a +0 helmet (worn)
Potions
 f - a potion of might {unknown}
 g - a potion of magic {unknown}


   Skills:
 + Level 2.2 Fighting
 * Level 3.0 Long Blades
 + Level 2.0 Throwing
 + Level 2.9 Dodging


You had one spell level left.
You didn't know any spells.
Your spell library contained the following spells:

 Spells                   Type           Power      Damage    Failure   Level
 Scorch                   Fire           0%         2d5       61%         2
 Flame Wave               Conj/Fire      0%         2d4       99%         4
 Summon Cactus Giant      Summ           0%         N/A       100%        6


Dungeon Overview and Level Annotations

Branches:
Dungeon (1/15)

Altars:


Innate Abilities, Weirdness & Mutations

Spells you cast may paralyse adjacent enemies.


Message History

HP restored.
Found a robe.
You now have 10 gold pieces.
You see here a +0 robe.
A gnoll comes into view. It is wielding a +0 club.
An endoplasm comes into view.
The endoplasm quivers.
You slash the gnoll!
The gnoll is severely wounded.
The gnoll hits you with a +0 club. The endoplasm freezes you.
You are frozen.
The gnoll hits you with a +0 club. The gnoll barely misses you.
The endoplasm attacks as you move away! The endoplasm closely misses you.
The gnoll attacks as you move away! The gnoll closely misses you.
You hit the endoplasm.
The endoplasm is severely wounded.
The endoplasm hits you.
The endoplasm hits you but does no damage.
You hit the endoplasm.
You kill the endoplasm!
You hit the gnoll.
The gnoll is severely wounded.
The gnoll misses you.
You slash the gnoll!
You kill the gnoll!
Your Long Blades skill increases to level 3!
Your Throwing skill increases to level 2!
You have reached level 2!
Your demonic ancestry asserts itself...
A menacing aura infuses your magic.
You see here a +0 club.
You can't go up here!
What level of the Dungeon? (default 1, ? - help)
You see here a +0 robe.
Things that are here:
a +0 club; a goblin corpse
There is an open door here.
There is a staircase leading out of the dungeon here.
You have escaped!

............###
#♣♣♣...♣♣♣...####
♣♣....(..♣♣#.#...
♣♣.........♣♣.'...
♣....♣.♣....♣##...
♣.....⌠.....♣ #...
#♣...♣.♣....♣ #...
♣..........♣♣ #...
♣@.#♣.....♣♣ #...
#♣♣♣♣♣♣♣♣♣♣####...
#................
#.............###
#.............#
#.........)...#
#....##########
#....# #....#


There were no monsters in sight!

Vanquished Creatures
  A gnoll (D:1)
  2 ball pythons (D:1)
  2 endoplasms (D:1)
  A goblin (D:1)
  A bat (D:1)
7 creatures vanquished.

Notes
Turn   | Place    | Note
-------+----------+-------------------------------------------
     0 | D:1      | Rohain the Demonspawn Gladiator began the quest for the
                  | Orb.
     0 | D:1      | Reached XP level 1. HP: 16/16 MP: 1/1
   117 | D:1      | Reached skill level 3 in Long Blades
   117 | D:1      | Gained mutation: Spells you cast may paralyse adjacent
                  | enemies. [demonic ancestry]
   117 | D:1      | Reached XP level 2. HP: 9/22 MP: 2/2
   184 | D:$      | Got out of the dungeon alive.

Illustrated notes

Levels and vault maps discovered:
D:1:      amcnicky_arrival_underground_garden, layout_basic, minmay_misc_feat_x

Skill      XL: |  1 |
---------------+----+-----
Long Blades    | 3 |  3.0
Throwing       | 2 |  2.0
Fighting       | |  2.2
Dodging        | |  2.9

Action                     || total
---------------------------++-------
  Melee: Long sword        ||    16
 Armour: Leather armour    ||     8
  Dodge: Dodged            ||     9

Table legend: (Time is in decaauts)
 A = Elapsed time spent in this place.
 B = Non-inter-level travel time spent in this place.
 C = Inter-level travel time spent in this place.
 D = Time resting spent in this place.
 E = Time spent auto-exploring this place.
 F = Levels seen in this place.
 G = Mean time per level.
                   A        B        C        D        E       F      G
               +--------+--------+--------+--------+--------+-----+--------+
         Total |    188 |    129 |     59 |      0 |     64 |   1 |  188.0 |
       Dungeon |    188 |    129 |     59 |      0 |     64 |   1 |  188.0 |
               +--------+--------+--------+--------+--------+-----+--------+

Top non-repeatable levels by time:
     D:1: 188 daAuts
